 Dungeon Crawl Stone Soup version 0.19.5 (webtiles) character file.

51 equalderp2856 the Ducker (level 3, -8/17 HPs)
             Began as a Felid Fighter on Mar 13, 2017.
             Killed from afar by Natasha (9 damage)
             ... with a magic dart
             ... on level 3 of the Dungeon.
             The game lasted 00:02:16 (1675 turns).

equalderp2856 the Ducker (Felid Fighter)            Turns: 1675, Time: 00:02:16

Health: -8/17      AC:  1    Str: 13    XL:     3   Next: 57%
Magic:  4/4        EV: 20    Int:  9    God:
Gold:   52         SH:  0    Dex: 15    Spells: 0 memorised, 2 levels left
                                        Lives:  0   Deaths: 0

rFire  . . .     SeeInvis +       - Unarmed
rCold  . . .     Gourm    .     (armour unavailable)
rNeg   . . .     Faith    .     (shield unavailable)
rPois  .         Spirit   .     (helmet unavailable)
rElec  .         Reflect  .     (cloak unavailable)
rCorr  .         Harm     .     (gloves unavailable)
MR     .....                    (boots unavailable)
Stlth  ++........               (no amulet)
                                (no ring)
                                (no ring)

@: slowed, slow
A: no armour, no weapons or thrown items, stealth, claws 1, fangs 3, see
invisible, carnivore 3, speed 1, shaggy fur 1, slow metabolism 1, sharp paws
a: no special abilities


You were on level 3 of the Dungeon.
You were not hungry.

You visited 1 branch of the dungeon, and saw 3 of its levels.

You collected 52 gold pieces.

Inventory:

Jewellery
 e - an uncursed ring of stealth {unknown}
Scrolls
 d - a scroll of enchant weapon {unknown}
 f - a scroll of amnesia {unknown}
 g - a scroll of fog {unknown}
 h - a scroll of fear {unknown}
 i - a scroll of recharging {unknown}
 k - a scroll of identify {unknown}
 l - a scroll of immolation {unknown}
Potions
 a - a potion of might
 c - a potion of invisibility {unknown}
 m - a potion of haste {unknown}
Comestibles
 b - 3 meat rations
 j - a bread ration


   Skills:
 + Level 3.2 Fighting
 + Level 4.8 Dodging
 + Level 0.8 Stealth
 + Level 4.7 Unarmed Combat


You had 2 spell levels left.
You didn't know any spells.

Dungeon Overview and Level Annotations

Branches:
Dungeon (3/15)

Altars:
Cheibriados

Annotations:
D:3 Natasha


Innate Abilities, Weirdness & Mutations

You cannot wear armour.
You are incapable of wielding weapons or throwing items.
Your paws allow you to move quietly. (Stealth)
You have sharp claws.
You have razor-sharp teeth.
You have supernaturally acute eyesight. (SInv)
You are carnivorous and can eat meat at any time.
You cover ground quickly.
You are covered in fur. (AC +1)
You have a slow metabolism.
Your sharp claws are effective at attacking unaware monsters.


Message History

Unknown command.
You scratch Natasha.
You kill Natasha!
Natasha screams in pain as she dies!
You have reached level 3!
Your experience leads to an increase in your attributes!
Increase (S)trength, (I)ntelligence, or (D)exterity?
You feel stronger.
Natasha, Servant of Life and Death comes into view.
An orc comes into view. It is wielding a flail.
Natasha casts a spell at you. The magic dart hits you!
Ouch! That really hurt!
* * * LOW HITPOINT WARNING * * *
Natasha casts a spell at you.
You feel as though you will be slow longer.
Natasha stares at you and mumbles some strange words.
The magic dart hits you!
Ouch! That really hurt!
You die...

#....$.........
#...##h........
#...##......... .
#...##......... ..
#...........###
...##...........# ####
................# #...
#...............# #...
.........@......# #...
............)...# #...
...#####.รท......# #...
.. ###.#############...
#
.#.#.#.#...............
...8...8..##############
#.#.#.#.#.# 8...8....#
.#.#.#.#.#


You could see Natasha.

Vanquished Creatures
  Natasha (D:3)
  A dart slug (D:1)
  A leopard gecko (D:1)
  An orc (D:3)
  A ball python (D:1)
  3 bats
  A giant cockroach (D:2)
  2 goblins
  2 hobgoblins
  3 kobolds
  4 frilled lizards
  2 rats
22 creatures vanquished.

Notes
Turn   | Place    | Note
-------+----------+-------------------------------------------
     0 | D:1      | equalderp2856 the Felid Fighter began the quest for the Orb.
     0 | D:1      | Reached XP level 1. HP: 10/10 MP: 2/2
     1 | D:1      | Noticed an electric eel
   295 | D:1      | Reached XP level 2. HP: 10/14 MP: 3/3
   767 | D:2      | Found a snail-covered altar of Cheibriados.
  1658 | D:3      | Noticed Natasha
  1667 | D:3      | Killed Natasha
  1667 | D:3      | Reached XP level 3. HP: 9/17 MP: 4/4
  1667 | D:3      | Noticed Natasha
  1675 | D:3      | Killed from afar by Natasha

Action                   || total
-------------------------++-------
Melee: Unarmed           ||    66
       Bite              ||     7
  Eat: Chunk             ||     3
Armor: Skin              ||     3
Dodge: Dodged            ||    52
